 Dungeon Crawl Stone Soup version 0.17-a0-931-g11a8995 (webtiles) character file.

498 FedoraBrony69 the Magician (level 6, -7/32 HPs)
             Began as a Deep Elf Conjurer on May 5, 2015.
             Mangled by Edmund
             ... wielding a +0 dire flail
              (11 damage)
             ... on level 4 of the Dungeon.
             The game lasted 00:07:51 (2912 turns).

FedoraBrony69 the Magician (Deep Elf Conjurer)      Turns: 2912, Time: 00:07:51

Health: -7/32      AC:  4    Str:  5    XL:     6   Next: 94%
Magic:  18/18      EV: 17    Int: 22    God:
Gold:   169        SH:  0    Dex: 15    Spells: 3 memorised, 9 levels left

rFire  . . .     SeeInvis .     y - +6 rapier (venom)
rCold  . . .     Clarity  .     a - +0 robe
rNeg   . . .     SustAb   .     (no shield)
rPois  .         Gourm    .     (no helmet)
rElec  .         Spirit   .     v - +0 cloak (curse)
rCorr  .         Warding  .     g - +0 pair of gloves
rMut   .         Stasis   .     (no boots)
MR     .....                    (no amulet)
Stlth  ++........               (no ring)
                                q - +4 ring of evasion (curse)

@: not resistant to hostile enchantments, unstealthy
A: no striking features
a: no special abilities


You were on level 4 of the Dungeon.
You were not hungry.

You visited 1 branch of the dungeon, and saw 4 of its levels.

You collected 169 gold pieces.

Inventory:

Hand weapons
 y - a +6 rapier of venom (weapon)
Armour
 a - a +0 robe (worn)
 g - a +0 pair of gloves (worn)
 v - a cursed +0 cloak (worn)
 x - a +3 leather armour of cold resistance
Jewellery
 q - a cursed +4 ring of evasion (left hand)
Magical devices
 j - a wand of digging (15)
 o - a wand of draining (6)
Scrolls
 d - 5 scrolls of identify {unknown}
 e - a scroll of enchant armour {unknown}
 f - 2 scrolls of remove curse {unknown}
 h - a scroll of enchant weapon {unknown}
 k - 5 scrolls of teleportation {unknown}
 l - a scroll of immolation {unknown}
 t - 2 scrolls of noise {unknown}
 u - a scroll of recharging {unknown}
 w - a scroll of fog {unknown}
Potions
 m - a potion of brilliance {unknown}
 p - a potion of might {unknown}
 r - a potion of flight {unknown}
 s - 2 potions of curing {unknown}
Books
 b - a book of Conjurations

   Spells                             Type                      Level
   a - Magic Dart                     Conjuration                  1
   b - Searing Ray                    Conjuration                  2
   c - Dazzling Spray                 Conjuration/Hexes            3
   d - Fulminant Prism                Conjuration/Hexes            4
   e - Iskenderun's Mystic Blast      Conjuration                  4
   f - Iskenderun's Battlesphere      Conjuration/Charms           5
Comestibles
 c - 5 bread rations
 i - 3 fruits
 n - 3 meat rations
 z - 5 chunks of flesh


   Skills:
 - Level 2.4 Dodging
 - Level 2.4 Stealth
 + Level 7.0 Spellcasting
 + Level 6.7 Conjurations
 * Level 3.6 Charms


You had 9 spell levels left.
You knew the following spells:

 Your Spells              Type           Power        Failure   Level  Hunger
a - Magic Dart            Conj           ####         1%          1    None
b - Iskenderun's Battles  Conj/Chrm      ####....     34%         5    #####..
c - Iskenderun's Mystic   Conj           #####...     6%          4    ###....


Dungeon Overview and Level Annotations

Branches:
Dungeon (4/15)
 Temple: D:4-7

Altars:
Cheibriados

Annotations:
D:4 Edmund


Message History

Casting: Magic Dart
Confirm with . or Enter, or press ? or * to list all spells.
You can't see any susceptible monsters within range! (Use Z to cast anyway.)
Casting: Magic Dart
Confirm with . or Enter, or press ? or * to list all spells.
You can't see any susceptible monsters within range! (Use Z to cast anyway.)
Casting: Magic Dart
Confirm with . or Enter, or press ? or * to list all spells.
You can't see any susceptible monsters within range! (Use Z to cast anyway.)
Casting: Magic Dart
Confirm with . or Enter, or press ? or * to list all spells.
You can't see any susceptible monsters within range! (Use Z to cast anyway.)
You miss something. Something hits you.
You closely miss something. Something hits you.
You puncture something! Something hits you but does no damage.
Something hits you!
You miss something. Something hits you!
* * * LOW HITPOINT WARNING * * *
You closely miss something. Something hits you!
You die...

#.# .....##.# #.#
..... #.# .....
#.#
......##.######
##...........##
#.............##
#...............#
...............#
.........@..<..#
.....).........#
..............#
............?#
.......?....##
....#..$..##
##########


There were no monsters in sight!

Vanquished Creatures
  Eustachio (D:4)
  Menkaure (D:4)
  Blork the orc (D:4)
  An orc priest (D:3)
  6 adders
  An ooze (D:3)
  A worm (D:3)
  5 orcs (D:3)
  4 ball pythons
  9 hobgoblins
  3 quokkas
  6 bats
  2 giant cockroaches (D:4)
  2 giant newts (D:1)
  13 goblins
  13 kobolds
  18 rats
87 creatures vanquished.

Notes
Turn   | Place    | Note
--------------------------------------------------------------
     0 | D:1      | FedoraBrony69, the Deep Elf Conjurer, began the quest for the Orb.
     0 | D:1      | Reached XP level 1. HP: 10/10 MP: 6/6
   245 | D:1      | You fall through a shaft!
   293 | D:2      | Reached XP level 2. HP: 15/15 MP: 3/8
   585 | D:1      | Reached XP level 3. HP: 19/19 MP: 7/10
   742 | D:1      | Reached skill level 5 in Conjurations
  1717 | D:3      | Reached XP level 4. HP: 24/24 MP: 7/12
  1725 | D:3      | Reached skill level 5 in Spellcasting
  2004 | D:3      | Reached XP level 5. HP: 28/28 MP: 6/14
  2508 | D:4      | Noticed Edmund
  2577 | D:4      | Noticed Eustachio
  2592 | D:4      | Killed Eustachio
  2592 | D:4      | Reached skill level 6 in Spellcasting
  2592 | D:4      | Reached XP level 6. HP: 32/32 MP: 1/17
  2599 | D:4      | Learned a level 5 spell: Iskenderun's Battlesphere
  2604 | D:4      | Learned a level 4 spell: Iskenderun's Mystic Blast
  2721 | D:4      | Found a snail-covered altar of Cheibriados.
  2738 | D:4      | Noticed Menkaure
  2747 | D:4      | Killed Menkaure
  2827 | D:4      | Noticed Blork the orc
  2838 | D:4      | Killed Blork the orc
  2838 | D:4      | Reached skill level 7 in Spellcasting
  2912 | D:4      | Mangled by Edmund

Action                   |  1- 3 |  4- 6 || total
-------------------------+-------+-------++-------
Melee: Rapier            |       |    25 ||    25
 Cast: Magic Dart        |    81 |    83 ||   164
  Eat: Chunk             |     2 |     4 ||     6
